 Dungeon Crawl Stone Soup version 0.23.2-33-g5129a83184 (webtiles) character file.

Game seed: 2307058082200113486

2320 Joat the Blocker (level 9, -4/63 HPs)
             Began as a Demonspawn Fighter on July 4, 2019.
             Was a Believer of Makhleb.
             Slain by an orc warrior
             ... wielding a +0 halberd
              (12 damage)
             ... on level 6 of the Dungeon.
             The game lasted 00:21:13 (5393 turns).

Joat the Blocker (Demonspawn Fighter)               Turns: 5393, Time: 00:21:14

Health: -4/63      AC: 12    Str: 15    XL:     9   Next: 18%
Magic:  9/9        EV:  3    Int: 13    God:    Makhleb [**....]
Gold:   394        SH: 10    Dex: 12    Spells: 8/8 levels left

rFire    + . .     SeeInvis .     - Unarmed
rCold    + . .     Gourm    .   c - +0 shield
rNeg     . . .     Faith    .   j - +0 plate armour
rPois    .         Spirit   .   (no helmet)
rElec    .         Reflect  .   (no cloak)
rCorr    .         Harm     .   (no gloves)
MR       .....                  v - +0 pair of boots
Stlth    ..........             (no amulet)
HPRegen  0.20/turn              (no ring)
MPRegen  0.11/turn              (no ring)

@: lightly drained
A: claws 1, cold resistance 1, fire resistance 1, weak 1, freezing cloud
immunity
a: Minor Destruction, Renounce Religion


You were on level 6 of the Dungeon.
You worshipped Makhleb.
Makhleb was pleased with you.
You were not hungry.

You visited 1 branch of the dungeon, and saw 7 of its levels.

You collected 394 gold pieces.

Inventory:

Hand Weapons
 p - a +5 dagger
Armour
 b - a +3 leather armour of cold resistance
 c - a +0 shield (worn)
 j - a +0 plate armour (worn)
 v - a +0 pair of boots (worn)
Wands
 a - a wand of random effects (14)
 i - a wand of polymorph (11)
 n - a wand of flame (16)
Scrolls
 e - a scroll of remove curse
 h - a scroll of random uselessness {unknown}
 k - 2 scrolls of teleportation {unknown}
 o - a scroll of enchant weapon
 q - 2 scrolls of enchant armour {unknown}
 r - 4 scrolls of fog {unknown}
 s - a scroll of blinking
 t - 2 scrolls of magic mapping {unknown}
Potions
 d - a potion of degeneration
 g - 2 potions of agility
 l - a potion of cancellation
 m - a potion of ambrosia
 u - a potion of curing
Comestibles
 f - 9 rations


   Skills:
 - Level 3.1(2.9) Fighting
   Level 1.9(1.8) Axes
 - Level 2.7(2.6) Armour
 + Level 8.7(8.5) Shields
 + Level 7.5(7.4) Unarmed Combat


You had 8 spell levels left.
You didn't know any spells.
Your spell library contained the following spells:

 Spells                   Type           Power        Failure   Level  Hunger
 Shock                    Conj/Air       #...         100%        1    ##.....
 Swiftness                Chrm/Air       #.......     100%        2    ###....
 Static Discharge         Conj/Air       #.......     100%        3    ####...
 Airstrike                Air            #.........   100%        4    #####..
 Lightning Bolt           Conj/Air       #.........   100%        5    ######.


Dungeon Overview and Level Annotations

Branches:
Dungeon (7/15)             Temple (0/1) D:5

Altars:
Cheibriados
Dithmenos
Gozag
Kikubaaqudgha
Makhleb
Nemelex Xobeh
Ru
Sif Muna
Vehumet

Annotations:
D:2 dig gold
D:6 dig scroll
D:7 Dowan


Innate Abilities, Weirdness & Mutations

You have sharp fingernails.
Your flesh is cold resistant. (rC+)
You are immune to freezing clouds.
Your flesh is heat resistant. (rF+)
You are weak. (Str -2)


Message History

You scratch the orc.
The orc is heavily wounded.
You block the orc's attack.
The orc warrior hits you with a +0 halberd!
There is a stone staircase leading up, spattered with blood here.
You climb upwards.
Level annotation: dig scroll
There is a stone staircase leading down, spattered with blood here.
You closely miss the orc warrior.
The orc warrior hits you with a +0 halberd!!
Your plate armour prevents you from hitting the orc warrior.
The orc warrior hits you but does no damage.
You claw the orc warrior!
The orc warrior is moderately wounded.
The orc warrior hits you with a +0 halberd!
* * * LOW HITPOINT WARNING * * *
You scratch the orc warrior but do no damage.
The orc warrior is moderately wounded.
The orc warrior hits you with a +0 halberd!
You die...

#<###.## #.)##..##
##.###..##
#...##..###
###..##..># #
########.####.#####
##...).##.# #......
##.......#.## #######
#...@[......## #
#...o.....#..# #
#.........##.## #
#.........##..# ####
#.........###.## #...
##.......####..###.#.
#........[(..........
#.........####.......
#.........##........#


You could see an orc warrior.

Vanquished Creatures
  The ghost of troglodite the Covered, a novice GnWn of Qazlal (D:6)
  Grinder (D:4)
  Edmund (D:6)
  An orc warrior (D:6)
  2 sky beasts
  2 ice beasts (D:6)
  A phantom (D:4)
  2 ogres (D:4)
  A wyvern skeleton (D:7)
  A scorpion (D:4)
  3 wights (D:6)
  A howler monkey (D:6)
  2 crimson imps
  3 hounds
  An orc priest (D:6)
  2 orc wizards (D:6)
  5 worker ants
  2 hound skeletons
  A gnoll (D:1)
  6 adders
  2 oozes
  7 worms
  5 dart slugs
  4 leopard geckos
  13 orcs
  2 giant cockroaches (D:4)
  7 goblins
  2 hobgoblins
  14 jackals
  4 kobolds
  3 quokkas
  3 ball pythons
  4 bats
  6 frilled lizards
  2 rats
117 creatures vanquished.

Notes
Turn   | Place    | Note
-------+----------+-------------------------------------------
     0 | D:1      | Joat the Demonspawn Fighter began the quest for the Orb.
     0 | D:1      | Reached XP level 1. HP: 18/18 MP: 1/1
    50 | D:1      | Reached skill level 3 in Shields
    50 | D:1      | Gained mutation: Your flesh is cold resistant. (rC+)
                  | [demonic ancestry]
    50 | D:1      | Reached XP level 2. HP: 17/24 MP: 2/2
   428 | D:1      | Gained mutation: You have sharp fingernails. [demonic
                  | ancestry]
   428 | D:1      | Reached XP level 3. HP: 28/29 MP: 3/3
   592 | D:2      | Reached skill level 4 in Shields
   991 | D:2      | Reached skill level 1 in Unarmed Combat
   991 | D:2      | Gained mutation: You are immune to freezing clouds.
                  | [demonic ancestry]
   991 | D:2      | Reached XP level 4. HP: 33/35 MP: 4/4
  1166 | D:2      | Found a burning altar of Makhleb.
  1175 | D:2      | Became a worshipper of Makhleb the Destroyer
  1341 | D:2      | Found a deep blue altar of Sif Muna.
  1597 | D:3      | Found a sacrificial altar of Ru.
  1877 | D:3      | Reached XP level 5. HP: 41/41 MP: 5/5
  2126 | D:2      | Found an ancient bone altar of Kikubaaqudgha.
  2211 | D:4      | Noticed an ogre
  2219 | D:4      | Killed an ogre
  2240 | D:4      | Reached skill level 5 in Shields
  2240 | D:4      | Reached XP level 6. HP: 14/47 MP: 6/6
  2571 | D:4      | Reached * piety under Makhleb
  2894 | D:4      | Got a twisted hunting sling
  2931 | D:4      | Noticed Grinder
  2948 | D:4      | Paralysed by Grinder for 5 turns
  2957 | D:4      | Gained mutation: You are weak. (Str -2) [potion of
                  | mutation]
  2957 | D:4      | Gained mutation: Your flesh is heat resistant. (rF+)
                  | [potion of mutation]
  2966 | D:4      | Killed Grinder
  2966 | D:4      | Reached skill level 6 in Shields
  2966 | D:4      | Reached XP level 7. HP: 44/52 MP: 7/7
  3359 | D:5      | Entered Level 5 of the Dungeon
  3399 | D:5      | Found a sparkling altar of Nemelex Xobeh.
  3477 | D:5      | Found a staircase to the Ecumenical Temple.
  3632 | D:5      | Reached skill level 5 in Unarmed Combat
  3808 | D:5      | Reached ** piety under Makhleb
  4009 | D:6      | Reached XP level 8. HP: 58/58 MP: 8/8
  4016 | D:6      | Reached skill level 7 in Shields
  4577 | D:6      | Found a radiant altar of Vehumet.
  4581 | D:6      | Found a snail-covered altar of Cheibriados.
  4708 | D:6      | Found a runed translucent door.
  4708 | D:6      | Noticed troglodite's ghost (novice GnWn)
  4731 | D:6      | Killed troglodite's ghost
  4731 | D:6      | Reached skill level 8 in Shields
  4838 | D:6      | Found an opulent altar of Gozag.
  4840 | D:6      | Found a shadowy altar of Dithmenos.
  4845 | D:6      | Noticed Edmund
  4887 | D:6      | Killed Edmund
  4887 | D:6      | Reached XP level 9. HP: 59/63 MP: 9/9
  4940 | D:6      | Noticed a cyclops
  5093 | D:7      | Noticed Dowan
  5393 | D:6      | Slain by an orc warrior

Skill      XL: |  1  2  3  4  5  6  7  8 |
---------------+-------------------------+-----
Shields        | 3 4 5 6 8 |  8.7
Unarmed Combat | 1 2 4 5 7 |  7.5
Fighting       | |  3.1
Axes           | |  1.9
Armour         | |  2.7

Action                   |  1- 3 |  4- 6 |  7- 9 || total
-------------------------+-------+-------+-------++-------
Melee: War axe           |   123 |   201 |       ||   324
       Unarmed           |       |       |   327 ||   327
Evoke: Wand              |       |       |     4 ||     4
  Use: Scroll            |       |     8 |     3 ||    11
       Potion            |       |     5 |     3 ||     8
 Stab: Invisible         |       |     4 |       ||     4
  Eat: Ration            |       |     2 |       ||     2
       Chunk             |       |     5 |     8 ||    13
Armor: Scale mail        |    23 |       |       ||    23
       Plate armour      |    63 |   143 |   158 ||   364
       Skin              |       |       |    18 ||    18
Dodge: Dodged            |    18 |    23 |    24 ||    65
Block: Shield            |    73 |   124 |   141 ||   338
